 Dungeon Crawl Stone Soup version 0.30-a0-1016-gfb0d676c02 (webtiles) character file.

Game seed: 13027763480344163095

713 ytrimaz the Cleaver (level 8, 0/58 HPs)
             Began as a Formicid Fighter on Apr 7, 2023.
             Slain by an ogre
             ... wielding a +0 giant spiked club
              (10 damage)
             ... on level 5 of the Dungeon.
             The game lasted 00:03:10 (3237 turns).

ytrimaz the Cleaver (Formicid Fighter)              Turns: 3237, Time: 00:03:11

Health: 0/58       AC: 12    Str: 30    XL:     8   Next: 1%
Magic:  0/8        EV:  7    Int:  7    God:
Gold:   287        SH:  5    Dex: 13    Spells: 7/7 levels left

rFire   . . .      SeeInvis +    a - +0 war axe
rCold   . . .      Faith    .    c - +0 buckler
rNeg    . . .      Spirit   +    l - +0 plate armour
rPois   .          Reflect  .    (helmet unavailable)
rElec   .          Rampage  .    j - scarf {repulsion}
rCorr   .                        (no gloves)
Will    +....                    d - +0 pair of boots Stlth
                                 e - amulet of guardian spirit
HPRegen 0.29/turn                p - +6 ring of strength
MPRegen 0.11/turn                r - ring of willpower

@: invisible, repel missiles
A: permanent stasis, dig shafts and tunnels, antennae 3, four strong arms
a: Dig, Shaft Self


You were on level 5 of the Dungeon.
You visited 1 branch of the dungeon, and saw 5 of its levels.

You collected 287 gold pieces.


Innate Abilities, Weirdness & Mutations

You cannot be hasted, slowed, berserked, paralysed or teleported.
You can dig through walls and to a lower floor.
You have a pair of large antennae on your head. (SInv)
Your four strong arms can wield two-handed weapons with a shield.


   Skills:
 - Level 3.2 Fighting
 + Level 8.5 Axes
 - Level 3.2 Armour
 - Level 4.0 Shields


You had 7 spell levels left.
You didn't know any spells.
Your spell library was empty.

Inventory:

Hand Weapons
 a - a +0 war axe (weapon)
Armour
 b - a +0 scale mail
 c - a +0 buckler (worn)
 d - a +0 pair of boots (worn)
   (You found it on level 3 of the Dungeon)
 j - a scarf of repulsion (worn)
   (You found it on level 2 of the Dungeon)
 l - a +0 plate armour (worn)
   (You found it on level 2 of the Dungeon)
Jewellery
 e - an amulet of guardian spirit (around neck)
   (You found it on level 1 of the Dungeon)
 p - a +6 ring of strength (left hand)
   (You took it off a hobgoblin on level 4 of the Dungeon)
 r - a ring of willpower (right hand)
   (You found it on level 4 of the Dungeon)
Scrolls
 f - 2 scrolls of fog
Potions
 h - a potion of attraction {unknown}
 i - 3 potions of curing
 m - a potion of magic {unknown}
 n - 2 potions of cancellation {unknown}
 o - 2 potions of brilliance {unknown}
 q - a potion of heal wounds {unknown}

Dungeon Overview and Level Annotations

Branches:
Dungeon (5/15) Zot: 26718
 Temple: D:4-7

Altars:

...........
..........
..........
.........
.......
#....#+##+##
#....#.....#
#...O#.....#
#....@<....#
#....#.....#
#..(.#.....#
#....#....##
#....#....#
+....#......
#....#.......
#....##+#####


You could see an ogre (unable to see you).


Message History

😕 HP[-1]
You take 1 damage, and now have 57/58 hp.
Unknown command.
You slash the giant cockroach!
You kill the giant cockroach!
You see here a giant cockroach corpse.
r - a ring of willpower 😎 HP[+1]
Your hp is fully restored (58).
A goblin comes into view. It is wielding a +0 dagger.
The goblin shouts!
r - a ring of willpower (right hand)
A goblin is nearby!
Unknown command.
A goblin is nearby!
The goblin barely misses you.
You hit the goblin.
You kill the goblin!
Unknown command.
Things that are here:
a +0 dagger; a goblin corpse No target in view!
Unknown command.
No target in view!
Things that are here:
a +0 dagger; a goblin corpse Key pressed, stopping explore.
You see here a giant cockroach corpse.
There is a stone staircase leading down here.
Key pressed, stopping explore.
Key pressed, stopping explore.
There is a shaft here.
Key pressed, stopping explore.
You see here a worm corpse.
You see here a jackal skeleton.
Key pressed, stopping explore.
Key pressed, stopping explore.
Key pressed, stopping explore.
Key pressed, stopping explore.
Key pressed, stopping explore.
Key pressed, stopping explore.
Key pressed, stopping explore.
Key pressed, stopping explore.
Done exploring.
Done exploring.
Done exploring.
As you read the scroll labelled JIDA POPTIAROI, it crumbles to dust.
You hear a loud clanging noise!
It was a scroll of noise.
Unknown command.
There is a stone staircase leading down here.
You climb downwards.
There is a stone staircase leading up here.
Unknown command.
You open the door.
An ogre comes into view. It is wielding a +0 giant spiked club.
The ogre shouts!
There is an open door here.
An ogre is nearby!
An ogre is nearby!
Unknown command.
An ogre is nearby!
You slash the ogre!
The ogre hits you with a +0 giant spiked club!! 😮 HP[-20] MP[-3]
You take 20 damage, and now have 38/58 hp.
MASSIVE DAMAGE!! (PAUSE)
You lost 3 mp, and now have 5/8 mp.
You hit the ogre. 😮 HP[+1]
You are too injured to fight recklessly!
You hit the ogre but do no damage.
The ogre hits you with a +0 giant spiked club! 😮 HP[-9] MP[-2]
You take 9 damage, and now have 30/58 hp.
You lost 2 mp, and now have 3/8 mp.
You barely miss the ogre.
The ogre hits you with a +0 giant spiked club.
* * * LOW HITPOINT WARNING * * *
Unknown command. 😨 HP[-3] MP[-1]
You take 3 damage, and now have 27/58 hp.
You lost 1 mp, and now have 2/8 mp.
You slash the ogre!
The ogre hits you with a +0 giant spiked club!!
* * * LOW HITPOINT WARNING * * *
😱 HP[-25] MP[-2]
You take 25 damage, and now have 2/58 hp.
MASSIVE DAMAGE!! (PAUSE)
You lost 2 mp, and now have 0/8 mp.
You feel better. 😱 HP[+7]
You regained 7 hp, and now have 9/58 hp.
The ogre attacks as you move away! The ogre barely misses you.
There is an open door here.
Unknown command.
It was a potion of invisibility.
You fade into invisibility!
The ogre hits you with a +0 giant spiked club!
You die...

Skill      XL: |  1  2  3  4  5  6  7 |
---------------+----------------------+-----
Axes           | 3 4 5 7 8 |  8.5
Fighting       | |  3.2
Armour         | |  3.2
Shields        | |  4.0

Action                     |  1- 3 |  4- 6 |  7- 9 || total
---------------------------+-------+-------+-------++-------
  Melee: War axe           |    31 |   116 |    58 ||   205
    Use: Potion            |     1 |     1 |     2 ||     4
         Scroll            |       |     5 |     1 ||     6
 Armour: Scale mail        |    16 |     9 |       ||    25
         Plate armour      |       |    67 |    27 ||    94
  Dodge: Dodged            |    17 |    43 |    21 ||    81
         Repelled          |       |     1 |       ||     1
  Block: Buckler           |     3 |    31 |    11 ||    45

Levels and vault maps discovered:
D:1:      dpeg_arrival_chambers_temple_mockup, layout_basic
D:2:      minmay_razor_zed, layout_basic, minmay_tetromino_i4, uniq_sigmund
D:3:      layout_loops_corners
D:4:      layout_cave_pods, hangedman_glass_teeth, uniq_grinder
D:5:      layout_gridville, nicolae_uskayaw_murder_on_the_dancefloor,
          cheibrodos_ashenzari_chains, uniq_pikel

Notes
Turn   | Place    | Note
-------+----------+-------------------------------------------
     0 | D:1      | ytrimaz the Formicid Fighter began the quest for the Orb.
     0 | D:1      | Reached XP level 1. HP: 18/18 MP: 1/1
     0 | D:1      | magus.rc [v1.9.6]
   147 | D:1      | You fall into a shaft and drop 1 floor!
   182 | D:2      | Reached XP level 2. HP: 22/24 MP: 2/2
   184 | D:2      | Reached skill level 3 in Axes
   184 | D:2      | Reached XP level 3. HP: 26/29 MP: 3/3
   324 | D:2      | Noticed Sigmund
   328 | D:2      | Reached skill level 4 in Axes
   328 | D:2      | Reached XP level 4. HP: 34/35 MP: 4/4
   334 | D:2      | Killed Sigmund
   335 | D:2      | Reached skill level 5 in Axes
   335 | D:2      | Reached XP level 5. HP: 25/41 MP: 5/5
   335 | D:2      | Reached XP level 6. HP: 29/47 MP: 6/6
   676 | D:2      | Reached skill level 6 in Axes
  2241 | D:4      | Reached skill level 7 in Axes
  2241 | D:4      | Reached XP level 7. HP: 35/52 MP: 4/7
  2781 | D:4      | Noticed Grinder
  2805 | D:4      | Killed Grinder
  2806 | D:4      | Reached skill level 8 in Axes
  2806 | D:4      | Reached XP level 8. HP: 49/58 MP: 6/8
  3226 | D:5      | Entered Level 5 of the Dungeon
  3234 | D:5      | HP: 2/58 [ogre/+0 giant spiked club (26)]
  3237 | D:5      | Slain by an ogre

Vanquished Creatures
  Grinder (D:4)
  Sigmund (D:2)
  An orc priest (D:4)
  A jelly (D:4)
  A hound (D:4)
  2 iguanas (D:4)
  2 orc wizards (D:4)
  9 adders
  3 gnolls (D:2)
  An ufetubus (D:4)
  3 worms
  5 orcs
  An endoplasm (D:4)
  A giant cockroach (D:4)
  11 goblins
  6 hobgoblins
  10 jackals
  4 kobolds
  A quokka (D:1)
  6 ball pythons
  2 bats
  5 frilled lizards
  4 rats (D:2)
81 creatures vanquished.

Vanquished Creatures (others)
  A bat (D:2)
1 creature vanquished.

Grand Total: 82 creatures vanquished

Table legend:
 A = Non-vault XP
 B = Vault XP
 C = Vault XP percentage of total XP
 D = Non-vault monster count
 E = Vault monster count
 F = Vault count percentage of total count
                 A         B        C        D         E       F
            +---------+---------+-------+---------+---------+-------
      Total |     487 |     532 |  52.2 |      64 |      17 |  21.0
            +---------+---------+-------+---------+---------+-------
        D:1 |       3 |       0 |   0.0 |       2 |       0 |   0.0
        D:2 |      73 |     278 |  79.2 |      14 |      16 |  53.3
        D:3 |      71 |       0 |   0.0 |      15 |       0 |   0.0
        D:4 |     340 |     254 |  42.8 |      33 |       1 |   2.9
            +---------+---------+-------+---------+---------+-------

Illustrated notes

Table legend:
 A = Kills in this place as a percentage of kills in the entire game.
 B = Kills by you in this place as a percentage of kills by you in the entire game.
 C = Kills by friends in this place as a percentage of kills by friends in the entire game.
 D = Other kills in this place as a percentage of other kills in the entire game.
 E = Experience gained in this place as a percentage of experience gained in the entire game.
 F = Experience gained in this place divided by the number of levels of this place that you have seen.
                   A       B       C       D       E      F
               +-------+-------+-------+-------+-------+----------------------
         Total | 100.0 | 100.0 |   N/A |   N/A | 100.0 | 203.8
       Dungeon | 100.0 | 100.0 |   N/A |   N/A | 100.0 | 203.8
               +-------+-------+-------+-------+-------+----------------------

Table legend: (Time is in decaauts)
 A = Elapsed time spent in this place.
 B = Non-inter-level travel time spent in this place.
 C = Inter-level travel time spent in this place.
 D = Time resting spent in this place.
 E = Time spent auto-exploring this place.
 F = Levels seen in this place.
 G = Mean time per level.
                   A        B        C        D        E       F      G
               +--------+--------+--------+--------+--------+-----+--------+
         Total |   3280 |   3197 |     83 |     90 |   2493 |   5 |  656.0 |
       Dungeon |   3280 |   3197 |     83 |     90 |   2493 |   5 |  656.0 |
               +--------+--------+--------+--------+--------+-----+--------+

Top non-repeatable levels by time:
     D:4: 1189 daAuts
     D:3: 987 daAuts
     D:2: 943 daAuts
     D:1: 149 daAuts
     D:5: 11 daAuts
